 Dungeon Crawl Stone Soup version 0.29-a0-418-gc0181ea820 (webtiles) character file.

Game seed: 8885418091373144131

220 Hubjo the Ducker (level 5, -6/29 HPs)
             Began as a Deep Elf Fire Elementalist on May 17, 2022.
             Mangled by Sigmund
             ... wielding a +2 scythe of flaming
              (8 damage)
             ... on level 3 of the Dungeon.
             The game lasted 00:03:21 (5692 turns).

Hubjo the Ducker (Deep Elf Fire Elementalist)       Turns: 5692, Time: 00:03:22

Health: -6/29      AC:  2    Str:  5    XL:     5   Next: 64%
Magic:  3/12       EV: 13    Int: 22    God:
Gold:   225        SH:  0    Dex: 15    Spells: 10/11 levels left

rFire   . . .      SeeInvis .   c - +2 dagger (drain)
rCold   . . .      Faith    .   (no shield)
rNeg    . . .      Spirit   .   a - +0 robe
rPois   .          Reflect  .   (no helmet)
rElec   .          Harm     .   (no cloak)
rCorr   .          Rampage  .   (no gloves)
Will    .....                   (no boots)
Stlth   ++........              (no amulet)
HPRegen 0.09/turn               (no ring)
MPRegen 0.13/turn               (no ring)

@: very slightly contaminated
A: no striking features
a: no special abilities


You were on level 3 of the Dungeon.
You visited 1 branch of the dungeon, and saw 3 of its levels.

You collected 225 gold pieces.

Inventory:

Hand Weapons
 c - a +2 dagger of draining (weapon)
Armour
 a - a +0 robe (worn)
Scrolls
 d - a scroll of enchant armour
 e - a scroll of poison
 f - a scroll of fog
 h - a scroll of teleportation
Potions
 b - a potion of magic
 g - 3 potions of flight {unknown}
 i - a potion of ambrosia {unknown}
 j - a potion of haste {unknown}
 k - a potion of berserk rage {unknown}
 l - a potion of might {unknown}
 m - a potion of lignification {unknown}
 n - a potion of heal wounds {unknown}
 o - a potion of mutation {unknown}


   Skills:
 + Level 1.3 Fighting
 * Level 4.1 Dodging
 + Level 3.4 Stealth
 + Level 3.8 Spellcasting
 * Level 3.2 Conjurations
 + Level 3.9 Fire Magic


You had 10 spell levels left.
You knew the following spells:

 Your Spells              Type           Power      Damage    Failure   Level
a - Foxfire               Conj/Fire      76%        2x1d7     2%          1

Your spell library contained the following spells:

 Spells                   Type           Power      Damage    Failure   Level
 Scorch                   Fire           42%        2d7       3%          2
 Conjure Flame            Conj/Fire      19%        6-21      8%          3
 Sting                    Tmut/Pois      16%        1d3       12%         1
 Inner Flame              Hex/Fire       12%        N/A       16%         3
 Poisonous Vapours        Pois/Air       8%         N/A       17%         2
 Flame Wave               Conj/Fire      19%        2d6       26%         4
 Tukima's Dance           Hex            4%         N/A       34%         3
 Anguish                  Hex/Necr       2%         N/A       75%         4
 Olgreb's Toxic Radiance  Pois           4%         N/A       75%         4
 Enfeeble                 Hex            2%         N/A       100%        7


Dungeon Overview and Level Annotations

Branches:
Dungeon (3/15)

Altars:
Sif Muna

Shops:
D:3 *

Annotations:
D:3 2 runed translucent doors, Sigmund


Message History

You conjure some foxfire!
Your foxfire dissipates! x2
Sigmund the Dreaded comes into view.
He is wielding a +2 scythe of flaming.
You conjure some foxfire!
Sigmund is nearby!
You conjure some foxfire!
Sigmund shouts!
Sigmund is nearby!
You conjure some foxfire!
The foxfire hits Sigmund but does no damage.
The foxfire hits Sigmund.
Sigmund is lightly wounded.
Sigmund casts a spell.
Sigmund flickers and vanishes!
Deactivating autopickup; reactivate with Ctrl-A.
The foxfire hits something.
You conjure some foxfire!
Your foxfire dissipates!
You conjure some foxfire!
The foxfire hits something.
Something hits you. Something burns you.
You conjure some foxfire!
Something barely misses you.
There is not enough space to conjure foxfire!
Your foxfire dissipates!
The foxfire hits something but does no damage.
The foxfire hits something. x2
Something hits you. Something burns you.
You conjure some foxfire!
Something completely misses you.
You conjure some foxfire!
The foxfire hits something.
You miscast Foxfire.
You are very lightly contaminated with residual magic.
Nothing appears to happen.
The foxfire hits something. x2; Something hits you!
* * * LOW HITPOINT WARNING * * *
Something burns you.
* * * LOW HITPOINT WARNING * * *
The foxfire hits something.
You are too injured to fight recklessly!
Casting: Foxfire (safe; 2% risk of failure)
Confirm with . or Enter, or press ? or * to list all spells.
You conjure some foxfire!
Something hits you!
You die... ♣≈≈≈≈≈≈≈≈≈ #≈P≈≈≈≈≈≈PP ###### #P≈P≈≈≈P≈≈≈ ...^. #P≈≈≈≈≈≈P≈P ...# #≈PP≈≈≈≈≈≈≈ ..# #P≈PPP≈.PPP

#.# #≈≈≈≈≈....P≈####v###
..............{.@§.#
..............##v#.#
#.†########. #.#.##
#........#######.#..###
.........+............+.>.
##.......##########..##...
##.......# #......[##.#
##.......# #.####..##.#
##.......# .#.....##.#


There were no monsters in sight!

Vanquished Creatures
  A black bear (D:2)
  An iguana (D:3)
  Robin (D:2)
  An adder (D:3)
  3 worms
  4 dart slugs
  An orc (D:3)
  8 bats
  6 endoplasms
  A giant cockroach (D:2)
  14 goblins
  6 hobgoblins (D:2)
  5 ball pythons
  4 frilled lizards
  3 kobolds
  6 rats
65 creatures vanquished.

Vanquished Creatures (collateral kills)
  2 foxfires (D:3)
2 creatures vanquished.

Vanquished Creatures (others)
  483 foxfires
  2 plants (D:3)
485 creatures vanquished.

Grand Total: 552 creatures vanquished

Notes
Turn   | Place    | Note
-------+----------+-------------------------------------------
     0 | D:1      | Hubjo the Deep Elf Fire Elementalist began the quest for
                  | the Orb.
     0 | D:1      | Reached XP level 1. HP: 10/10 MP: 6/6
   427 | D:1      | Reached XP level 2. HP: 15/15 MP: 4/8
  1559 | D:2      | Reached skill level 3 in Dodging
  1844 | D:2      | Noticed a black bear
  1853 | D:2      | Killed a black bear
  1854 | D:2      | Reached skill level 1 in Fighting
  1854 | D:2      | Reached XP level 3. HP: 2/20 MP: 1/10
  1854 | D:2      | Reached XP level 4. HP: 2/25 MP: 1/11
  3100 | D:3      | Noticed Robin
  3104 | D:3      | Found a large runed translucent door.
  3111 | D:2      | Reached XP level 5. HP: 7/26 MP: 8/12
  4230 | D:2      | Killed Robin
  4439 | D:3      | Found a large runed translucent door.
  4515 | D:3      | Reached skill level 4 in Dodging
  5263 | D:3      | Found a shimmering blue altar of Sif Muna.
  5299 | D:3      | Found Raepluh's Assorted Antiques.
  5680 | D:3      | Noticed Sigmund
  5692 | D:3      | Mangled by Sigmund

Illustrated notes

Levels and vault maps discovered:
D:1:      dpeg_arrival_rooms_with_view, layout_basic, serial_park_tiny_pond
D:2:      layout_basic
D:3:      layout_basic, nicolae_overflow_crystal_walls, jmf_multi_god_temple2,
          serial_shops, shop, serial_bayou, serial_bayou_shore_a,
          serial_bayou_pond_b, serial_bayou_ford_a, serial_bayou_pond_a,
          uniq_sigmund, uniq_robin

Skill      XL: |  1  2  3  4  5 |
---------------+----------------+-----
Dodging        | 3 4 |  4.1
Fighting       | 1 |  1.3
Stealth        | 3 |  3.4
Conjurations   | 2 3 |  3.2
Spellcasting   | |  3.8
Fire Magic     | |  3.9

Action                   |  1- 3 |  4- 6 || total
-------------------------+-------+-------++-------
Melee: Unarmed           |     1 |       ||     1
       Dagger            |       |     6 ||     6
 Cast: Foxfire           |   107 |   176 ||   283
  Use: Scroll            |       |     4 ||     4
Armor: Robe              |     2 |     3 ||     5
Dodge: Dodged            |     6 |    36 ||    42

Table legend: (Time is in decaauts)
 A = Elapsed time spent in this place.
 B = Non-inter-level travel time spent in this place.
 C = Inter-level travel time spent in this place.
 D = Time resting spent in this place.
 E = Time spent auto-exploring this place.
 F = Levels seen in this place.
 G = Mean time per level.
                   A        B        C        D        E       F      G
               +--------+--------+--------+--------+--------+-----+--------+
         Total |   5700 |   5624 |     76 |   1074 |   4049 |   3 | 1900.0 |
       Dungeon |   5700 |   5624 |     76 |   1074 |   4049 |   3 | 1900.0 |
               +--------+--------+--------+--------+--------+-----+--------+

Top non-repeatable levels by time:
     D:2: 3255 daAuts
     D:3: 1273 daAuts
     D:1: 1171 daAuts
